 Dungeon Crawl Stone Soup version 0.30.0-19-g36f170ea60 (webtiles) character file.

Game seed: 5975544094723471733

34082 croobank the Thaumaturge (level 13, -4/100 HPs)
             Began as a Gnoll Fire Elementalist on May 30, 2023.
             Was an Initiate of Gozag.
             Slain by a minotaur
             ... wielding the +8 longbow "Zephyr" {speed, Dex+3 SInv}
              (13 damage)
             ... in a Gauntlet on May 31, 2023.
             The game lasted 01:54:28 (20212 turns).

croobank the Thaumaturge (Gnoll Fire Elementalist) Turns: 20212, Time: 01:54:28

Health: -4/100     AC: 14    Str: 10    XL:     13   Next: 75%
Magic:  31/36      EV:  7    Int: 24    God:    Gozag
Gold:   2457       SH:  0    Dex: 10    Spells: 1/32 levels left

rFire   + + +        a - +8 dagger of Imekh {elec, rF++}
rCold   + . .        B - +0 buckler
rNeg    + + .        n - +1 robe "Vegiuz" {rN+ Str+4 Int+3}
rPois   +            T - +2 hat of Imolucw {rC+ Str-5 Stlth+}
rElec   .            o - +2 ratskin cloak {*Rats rPois rN+ Str-1 Int-1 Dex+1}
rCorr   +            l - +1 pair of gloves
SInv    .            w - +1 pair of boots
Will    .....        (no amulet)
Stlth   +++++        g - ring of protection from fire
HPRegen 0.36/turn    E - ring "Awetun" {rCorr MP+9 Str+4 Int+3 Dex-4}
MPRegen 0.25/turn

%: no teleportation
@: brilliant, held, invisible
A: fangs 1, strong nose, distributed training
a: Renounce Religion, Potion Petition, Call Merchant, Bribe Branch


You were in a Gauntlet.
You worshipped Gozag.
Gozag was most pleased with you.
You visited 3 branches of the dungeon, and saw 18 of its levels.
You also visited: Ossuary and Gauntlet.

You collected 4033 gold pieces.
You spent 942 gold pieces at shops.
You paid 634 gold pieces to Gozag.

Inventory:

Hand Weapons
 a - the +8 dagger of Imekh (weapon) {elec, rF++}
   (You found it on level 6 of the Dungeon)

   rF:        It greatly protects you from fire.
 u - a +3 heavy morningstar
 K - a +5 war axe of flaming
Missiles
 h - 8 curare-tipped darts
 X - a throwing net (quivered)
Armour
 j - a +1 helmet of intelligence
 l - a +1 pair of gloves (worn)
 n - the +1 robe "Vegiuz" (worn) {rN+ Str+4 Int+3}
   (You found it on level 1 of the Lair of Beasts)

   Str:       It affects your strength (+4).
   Int:       It affects your intelligence (+3).
   rN:        It protects you from negative energy.
 o - the +2 ratskin cloak (worn) {*Rats rPois rN+ Str-1 Int-1 Dex+1}
   (You found it on level 2 of the Lair of Beasts)

   *Rats:     When the wearer is hurt, rats may emerge from it to assist them.
   Str:       It affects your strength (-1).
   Int:       It affects your intelligence (-1).
   Dex:       It affects your dexterity (+1).
   rPois:     It protects you from poison.
   rN:        It protects you from negative energy.
 w - a +1 pair of boots (worn)
 B - a +0 buckler (worn)
 T - the +2 hat of Imolucw (worn) {rC+ Str-5 Stlth+}
   (You bought it in a shop on level 6 of the Dungeon)

   Str:       It affects your strength (-5).
   rC:        It protects you from cold.
   Stlth:     It makes you more stealthy.
Magical Staves
 r - a staff of fire
 F - the staff of death "Kefec" {rN+ MP-9 Str+5 Dex+3}
   (You took it off a hobgoblin on level 4 of the Dungeon)

   [staff of death]

   Base accuracy: +5 Base damage: 5 Base attack delay: 1.2 This weapon's minimum
   attack delay (0.6) is reached at skill level 12.
   Str:       It affects your strength (+5).
   Dex:       It affects your dexterity (+3).
   rN:        It protects you from negative energy.
   MP:        It affects your magic capacity (-9).
   It falls into the 'Staves' category.
   It is a one-handed weapon.
Jewellery
 d - the ring of Muwimid {Fly rPois Int-3 Stlth+}
   (You found it in a Gauntlet)

   [ring of flight]

   Int:       It affects your intelligence (-3).
   rPois:     It protects you from poison.
   Fly:       It grants you flight.
   Stlth:     It makes you more stealthy.
 g - a ring of protection from fire (left hand)
 m - an amulet of magic regeneration
 x - a ring of fire
 E - the ring "Awetun" (right hand) {rCorr MP+9 Str+4 Int+3 Dex-4}
   (You found it on level 4 of the Dungeon)

   [ring of magical power]

   Str:       It affects your strength (+4).
   Int:       It affects your intelligence (+3).
   Dex:       It affects your dexterity (-4).
   MP:        It affects your magic capacity (+9).
   rCorr:     It protects you from acid and corrosion.
 G - a ring of ice
 J - a ring of protection from fire
 R - a ring of fire
 S - a +6 ring of intelligence
 W - a ring of see invisible
 Y - a +4 ring of protection
Wands
 e - a wand of quicksilver (13)
 v - a wand of paralysis (6)
 I - a wand of iceblast (19)
 Q - a wand of flame (18)
Scrolls
 q - a scroll of blinking
 s - 7 scrolls of teleportation
 C - a scroll of vulnerability
 D - a scroll of magic mapping
 H - 3 scrolls of fog
 N - a scroll of enchant weapon
Potions
 b - a potion of haste
 c - a potion of cancellation
 f - a potion of lignification
 i - 5 potions of might
 k - 3 potions of berserk rage
 p - 11 potions of curing
 t - 3 potions of heal wounds
 z - 2 potions of brilliance
 A - 6 potions of mutation
 O - 2 potions of invisibility
 U - a potion of ambrosia
 V - 2 potions of resistance {unknown}
Miscellaneous
 Z - a phial of floods


   Skills:
 + Level 8.9 Fighting
 + Level 8.9 Short Blades
 + Level 8.9 Long Blades
 + Level 8.9 Axes
 + Level 8.9 Maces & Flails
 + Level 8.9 Polearms
 + Level 8.9 Staves
 + Level 8.9 Ranged Weapons
 + Level 8.9 Throwing
 + Level 8.9 Armour
 + Level 10.0 Dodging
 + Level 9.9 Stealth
 + Level 8.9 Shields
 + Level 8.9 Unarmed Combat
 + Level 10.2 Spellcasting
 + Level 7.7 Conjurations
 + Level 7.4 Hexes
 + Level 7.4 Summonings
 + Level 7.4 Necromancy
 + Level 7.4 Translocations
 + Level 7.4 Transmutations
 + Level 9.3 Fire Magic
 + Level 7.4 Ice Magic
 + Level 7.4 Air Magic
 + Level 7.4 Earth Magic
 + Level 7.4 Poison Magic
 + Level 9.7 Invocations
 + Level 8.9 Evocations


You had one spell level left.
You knew the following spells:

 Your Spells              Type           Power      Damage    Failure   Level
a - Foxfire               Conj/Fire      100%       2x1d9     1%          1
b - Scorch                Fire           100%       2d9       1%          2
c - Inner Flame           Hex/Fire       68%        N/A       1%          3
d - Flame Wave            Conj/Fire      68%        2d15      1%          4
e - Poisonous Vapours     Pois/Air       100%       N/A       1%          2
f - Summon Lightning Spi  Summ/Air       64%        N/A       3%          4
g - Swiftness             Air            64%        N/A       1%          3
h - Dispel Undead         Necr           64%        3d22      3%          4
i - Iskenderun's Mystic   Conj/Tloc      65%        2d13      3%          4
j - Olgreb's Toxic Radia  Pois           64%        N/A       3%          4

Your spell library contained the following spells:

 Spells                   Type           Power      Damage    Failure   Level
 Kiss of Death            Conj/Necr      100%       2d13      1%          1
 Magic Dart               Conj           100%       1d8       1%          1
 Sting                    Tmut/Pois      100%       1d8       1%          1
 Call Imp                 Summ           100%       N/A       1%          2
 Ensorcelled Hibernation  Hex/Ice        100%       N/A       1%          2
 Passwall                 Tmut/Erth      53%        N/A       1%          2
 Static Discharge         Conj/Air       100%       2-7/arc   1%          2
 Confusing Touch          Hex            64%        N/A       1%          3
 Dazzling Flash           Conj/Hex       100%       N/A       1%          3
 Mephitic Cloud           Conj/Pois/Air  64%        N/A       1%          3
 Volatile Blastmotes      Fire/Tloc      100%       2d18      1%          3
 Airstrike                Air            32%        2d(5-21)  3%          4
 Animate Armour           Summ/Erth      100%       N/A       3%          4
 Fulminant Prism          Conj/Hex       32%        3d16      3%          4
 Agony                    Necr           64%        N/A       9%          5
 Blade Hands              Tmut           32%        N/A       9%          5
 Lee's Rapid Deconstruct  Erth           32%        3d16*     9%          5
 Silence                  Hex/Air        32%        N/A       9%          5
 Iron Shot                Conj/Erth      32%        9d7       43%         6


Dungeon Overview and Level Annotations

Branches:
Dungeon (13/15)            Temple (1/1) D:6            Lair (4/5) D:11
 Shoals (0/4) Lair:3       Spider (0/4) Lair:3          Orc (0/2) D:11
Ossuary (visited)         Gauntlet (1/1)
  Slime: Lair:4-5    Vaults: D:13-14

Altars:
Ashenzari
Cheibriados
Dithmenos
Elyvilon
Fedhas
Gozag
Hepliaklqana
Kikubaaqudgha
Makhleb
Nemelex Xobeh
Okawaru
Qazlal
Ru
Sif Muna
Trog
Uskayaw
Vehumet
Wu Jian
Xom
Yredelemnul
Zin
The Shining One

Shops:
D:6 :[*[   D:7 *   D:9 *   D:12 (=*

Annotations:
D:3 2 transporters, bronco's ghost, amateur FoVM
D:7 2 transporters, knightboat's ghost, novice DjIE
D:8 1 runed translucent door
D:12 2 runed translucent doors, Kamelo's ghost, journeyman GrEE Gauntlet 8 transporters, exclusions: 2 ice statues and 2 lightning spires


Innate Abilities, Weirdness & Mutations

You have very sharp teeth.
Your uncanny sense of smell can sniff out nearby items.
Your experience applies equally to all skills.


Message History

The minotaur gores you but does no damage.
The minotaur blocks your hell rat's attack.
The minotaur hits you with the +8 longbow "Zephyr" {speed, Dex+3 SInv}!
* * * LOW HITPOINT WARNING * * *
The minotaur gores you but does no damage.
You feel much better.
The minotaur blocks your hell rat's attack.
The minotaur hits you with the +8 longbow "Zephyr" {speed, Dex+3 SInv}!
The minotaur gores you but does no damage.
You feel much better.
The minotaur blocks your hell rat's attack.
The minotaur hits you but does no damage.
The minotaur gores you but does no damage.
The minotaur hits you with the +8 longbow "Zephyr" {speed, Dex+3 SInv}.
The minotaur gores you but does no damage.
Casting: Scorch (safe; 1% risk of failure)
Confirm with . or Enter, or press ? or * to list all spells.
Aiming: Poisonous Vapours (safe; 1% risk of failure)
Press: ? - help, Dir - move target, f/p - minotaur
Aim: a minotaur, wielding the +8 longbow "Zephyr" {speed, Dex+3 SInv}, wearing a +0 plate armour, wearing an amulet of reflection and quivering silver javelins (moderately wounded, very poisoned, more vulnerable to fire, ally target, reflecting blocked projectiles)
You feel a surge of power!
Poisonous vapours surround the minotaur!
The minotaur looks as sick as possible!
The minotaur blocks your hell rat's attack.
The minotaur hits you with the +8 longbow "Zephyr" {speed, Dex+3 SInv}!!
The minotaur gores you but does no damage.
The minotaur blocks your hell rat's attack.
Casting: Poisonous Vapours (safe; 1% risk of failure)
Confirm with . or Enter, or press ? or * to list all spells.
You feel a surge of power!
Flames lash the minotaur.
The minotaur is burned terribly!
The minotaur is moderately wounded.
The minotaur hits you with the +8 longbow "Zephyr" {speed, Dex+3 SInv}!!
* * * LOW HITPOINT WARNING * * *
The minotaur gores you!
* * * LOW HITPOINT WARNING * * *
Your hell rat closely misses the minotaur.
The minotaur barely misses you. The minotaur gores you!
You die...
Your body crumbles into a pile of gold.

#≈≈...##### ##≈...#t[#.
##### .♣.###.P.###..
#...##...##..♣.##.##
#.#.##.♣.#..P..#©.#© ∆
#.#......#.♣P..###..
#.#.##.©.#.....##.##
#.Hr##...#.....#=.#t ∆
#.#@##.©.#.....#####
+⌠..H.H8#......#..∩.......
#..⌠.##.#.##.©.#.....#####
###+ #...##...#.....#....
∆ #.#.##.©.#.P...#.###
#.#......#.♣P..#.###
#.#.##.♣.#.....#©###
#...##...##..♣.#.... ##
#.♣.###...#....


You could see a minotaur (extremely poisoned, combustible, ally target,
reflecting) and a friendly hell rat.

Vanquished Creatures
  Nessos (D:12)
  The ghost of safid the Frost Mage, a journeyman MfIE of Vehumet (D:9)
  A hydra (Lair:4)
  3 boulder beetles
  A death yak (Lair:3)
  2 two-headed ogres (D:11)
  A hell hog (Gauntlet)
  5 skeletal warriors
  Pikel (D:6)
  An orc knight (D:12)
  A cyclops (D:12)
  2 manticores
  2 elephants (Lair:3)
  Maurice (D:8)
  2 cane toads
  Maggie (D:7)
  2 gargoyles
  3 komodo dragons
  2 rime drakes (Lair:3)
  2 trolls
  Grinder (D:6)
  A hornet (D:9)
  Sigmund (D:3)
  2 wyverns
  20 yaks
  A water elemental (D:12)
  4 fire bats (Gauntlet)
  A basilisk (Lair:1)
  2 redbacks (Lair:3)
  3 steam dragons
  5 water moccasins
  2 hell hounds (Gauntlet)
  2 acid dragons
  7 orc warriors
  A sky beast (D:7)
  2 black bears (D:4)
  An ogre (D:12)
  6 wolves
  12 centaurs
  A phantom (D:6)
  2 kobold brigands
  9 bullfrogs
  A scorpion (D:5)
  3 water moccasin zombies (Ossuary)
  4 wights (D:7)
  5 killer bees
  6 howler monkeys
  An electric eel (Lair:3)
  A human zombie (D:8)
  5 jellies
  A gnoll bouda (D:7)
  2 hounds
  5 orc priests
  Crazy Yiuf (D:7)
  Terence (D:3)
  17 orc wizards
  3 iguanas
  2 mummies (Ossuary)
  7 adders
  9 gnolls
  A shadow imp (D:7)
  A nameless horror (D:12)
  2 ufetubi
  6 adder zombies (Ossuary)
  4 dart slugs
  55 orcs
  20 endoplasms
  2 giant cockroaches (D:2)
  5 gnoll zombies (Ossuary)
  14 hobgoblins
  6 jackals
  15 kobolds
  2 quokkas (D:3)
  13 ball pythons
  A bat (D:1)
  2 frilled lizards (D:1)
  7 goblins
  7 hobgoblin zombies (Ossuary)
  5 kobold zombies (Ossuary)
  5 orc zombies (Ossuary)
  6 rats
374 creatures vanquished.

Vanquished Creatures (collateral kills)
  Frances (D:12)
  Nergalle (D:12)
  A pharaoh ant (Lair:3)
  2 cyclopes (D:11)
  A black mamba (Lair:4)
  An elephant (Lair:3)
  A cane toad (Lair:2)
  2 rime drakes (Gauntlet)
  2 komodo dragons (Lair:3)
  A polar bear (Lair:2)
  A troll (D:10)
  A tarantella (Lair:3)
  A snapping turtle (Lair:3)
  A slime creature (Lair:1)
  A wyvern (Lair:3)
  3 yaks
  3 water moccasins
  2 orc warriors
  6 wolves
  An ogre (D:12)
  A bullfrog (Lair:4)
  A gnoll sergeant (D:11)
  A jelly (Lair:1)
  A gnoll (D:11)
  8 orcs
  7 endoplasms (Lair:1)
  2 foxfires
54 creatures vanquished.

Vanquished Creatures (others)
  725 foxfires
725 creatures vanquished.

Grand Total: 1153 creatures vanquished

Notes
Turn   | Place    | Note
-------+----------+-------------------------------------------
     0 | D:1      | croobank the Gnoll Fire Elementalist began the quest for
                  | the Orb.
     0 | D:1      | Reached XP level 1. HP: 13/13 MP: 6/6
   218 | D:1      | Reached XP level 2. HP: 19/19 MP: 3/7
   266 | D:1      | Learned a level 2 spell: Scorch
  1230 | D:2      | Reached skill level 5 in Spellcasting
  1230 | D:2      | Reached XP level 3. HP: 22/25 MP: 4/9
  1310 | D:2      | Found a faded altar of an unknown god.
  1393 | D:2      | Reached skill level 1 in Invocations
  1531 | D:2      | Reached skill level 1 in Fighting
  1531 | D:2      | Reached skill level 1 in Short Blades
  1531 | D:2      | Reached skill level 1 in Long Blades
  1531 | D:2      | Reached skill level 1 in Axes
  1531 | D:2      | Reached skill level 1 in Maces & Flails
  1531 | D:2      | Reached skill level 1 in Polearms
  1531 | D:2      | Reached skill level 1 in Staves
  1531 | D:2      | Reached skill level 1 in Ranged Weapons
  1531 | D:2      | Reached skill level 1 in Throwing
  1531 | D:2      | Reached skill level 1 in Armour
  1531 | D:2      | Reached skill level 1 in Shields
  1531 | D:2      | Reached skill level 1 in Unarmed Combat
  1531 | D:2      | Reached skill level 1 in Evocations
  1531 | D:2      | Reached XP level 4. HP: 28/32 MP: 8/11
  1534 | D:2      | Reached skill level 1 in Hexes
  1534 | D:2      | Reached skill level 1 in Summonings
  1534 | D:2      | Reached skill level 1 in Necromancy
  1534 | D:2      | Reached skill level 1 in Translocations
  1534 | D:2      | Reached skill level 1 in Transmutations
  1534 | D:2      | Reached skill level 1 in Ice Magic
  1534 | D:2      | Reached skill level 1 in Air Magic
  1534 | D:2      | Reached skill level 1 in Earth Magic
  1534 | D:2      | Reached skill level 1 in Poison Magic
  2003 | D:2      | Reached XP level 5. HP: 37/37 MP: 12/12
  2402 | D:3      | Found an iron altar of Okawaru.
  2404 | D:3      | Found a sparkling altar of Nemelex Xobeh.
  2404 | D:3      | Found a shimmering altar of Xom.
  2406 | D:3      | Found a glowing silver altar of Zin.
  2406 | D:3      | Found a shimmering altar of Xom.
  2406 | D:3      | Found an ancient bone altar of Kikubaaqudgha.
  2518 | D:3      | Found a transporter.
  2567 | D:3      | Noticed Terence
  2574 | D:3      | Killed Terence
  2686 | D:3      | You fall into a shaft and drop 3 floors!
  2690 | D:6      | Noticed Grinder
  2690 | D:6      | Paralysed by Grinder for 4 turns
  2699 | D:6      | Paralysed by Grinder for 2 turns
  2701 | D:6      | Killed Grinder
  2702 | D:6      | Reached skill level 5 in Dodging
  2702 | D:6      | Reached XP level 6. HP: 37/44 MP: 0/14
  2710 | D:6      | Found a sand-covered staircase.
  2710 | D:6      | Noticed Pikel
  2722 | D:6      | Killed Pikel
  2723 | D:6      | Reached skill level 5 in Stealth
  2723 | D:6      | Reached XP level 7. HP: 49/51 MP: 7/15
  2730 | Ossuary  | Entered an ossuary
  2853 | Ossuary  | Reached XP level 8. HP: 55/58 MP: 16/16
  3641 | D:6      | Found Ollopeut's Book Boutique.
  3856 | D:6      | Found Eficw's Armour Shop.
  3874 | D:5      | Entered Level 5 of the Dungeon
  4301 | D:3      | Noticed Sigmund
  4303 | D:3      | Killed Sigmund
  4304 | D:3      | Reached XP level 9. HP: 65/65 MP: 18/18
  4629 | D:3      | Noticed bronco's ghost (amateur FoVM)
  4634 | D:3      | Found a transporter.
  5163 | D:4      | Found a blossoming altar of Fedhas.
  5229 | D:4      | Identified the ring "Awetun" {rCorr MP+9 Str+4 Int+3 Dex-4}
  5330 | D:4      | Identified the staff of death "Kefec" {rN+ MP-9 Str+5
                  | Dex+3}
  6479 | D:5      | Learned a level 3 spell: Inner Flame
  6484 | D:5      | Learned a level 4 spell: Flame Wave
  6487 | D:5      | Learned a level 2 spell: Poisonous Vapours
  6721 | D:6      | Found a staircase to the Ecumenical Temple.
  6736 | D:6      | Found Bodoilebb's Antique Armour Shop.
  6826 | D:6      | Identified the +8 dagger of Imekh {elec, rF++}
  6840 | D:6      | Found Niaps's General Store.
  6844 | D:6      | Bought the +3 robe of Clouds {*Thunder rCloud rElec} for
                  | 326 gold pieces
  6844 | D:6      | Found the +3 robe of Clouds {*Thunder rCloud rElec}
  7229 | Temple   | Entered the Ecumenical Temple
  7277 | D:6      | Reached skill level 5 in Invocations
  7323 | D:7      | Found a transporter.
  7324 | D:7      | Found a stormy altar of Qazlal.
  7398 | D:7      | Identified the +4 spear "Nunadaz" {venom, Contam Dex+5}
  7705 | D:7      | Found a transporter.
  7706 | D:7      | Identified the ring "Vuorph" {rCorr MP-9 Slay+5}
  7710 | D:7      | Found Seitasm's Assorted Antiques.
  7714 | D:7      | Noticed Maggie
  7722 | D:7      | Killed Maggie
  7780 | D:7      | Bought a scroll labelled IGAQ HUITE for 31 gold pieces
  7794 | D:7      | Reached skill level 5 in Fighting
  7794 | D:7      | Reached skill level 5 in Short Blades
  7794 | D:7      | Reached skill level 5 in Long Blades
  7794 | D:7      | Reached skill level 5 in Axes
  7794 | D:7      | Reached skill level 5 in Maces & Flails
  7794 | D:7      | Reached skill level 5 in Polearms
  7794 | D:7      | Reached skill level 5 in Staves
  7794 | D:7      | Reached skill level 5 in Ranged Weapons
  7794 | D:7      | Reached skill level 5 in Throwing
  7794 | D:7      | Reached skill level 5 in Armour
  7794 | D:7      | Reached skill level 5 in Shields
  7794 | D:7      | Reached skill level 5 in Unarmed Combat
  7794 | D:7      | Reached skill level 5 in Evocations
  7794 | D:7      | Reached XP level 10. HP: 74/74 MP: 20/20
  7937 | D:7      | Found a runed translucent door.
  7938 | D:7      | Noticed Crazy Yiuf
  7944 | D:7      | Killed Crazy Yiuf
  8037 | D:7      | Noticed knightboat's ghost (novice DjIE)
  8448 | D:8      | Found a runed translucent door.
  8451 | D:8      | Noticed Maurice
  8456 | D:8      | Found a basalt altar of Yredelemnul.
  8464 | D:8      | Killed Maurice
  8465 | D:8      | Reached skill level 5 in Conjurations
  9029 | D:9      | Found Haej's Assorted Antiques.
  9533 | D:9      | Noticed safid's ghost (journeyman MfIE)
  9537 | D:9      | Found a runed translucent door.
  9667 | D:9      | Found a white marble altar of Elyvilon.
 10305 | D:9      | Learned a level 4 spell: Summon Lightning Spire
 10309 | D:9      | Learned a level 3 spell: Swiftness
 10341 | D:9      | Killed safid's ghost
 10577 | D:10     | Entered Level 10 of the Dungeon
 10588 | D:10     | Found a bloodstained altar of Trog.
 10809 | D:10     | Reached skill level 5 in Hexes
 10809 | D:10     | Reached skill level 5 in Summonings
 10809 | D:10     | Reached skill level 5 in Necromancy
 10809 | D:10     | Reached skill level 5 in Translocations
 10809 | D:10     | Reached skill level 5 in Transmutations
 10809 | D:10     | Reached skill level 5 in Ice Magic
 10809 | D:10     | Reached skill level 5 in Air Magic
 10809 | D:10     | Reached skill level 5 in Earth Magic
 10809 | D:10     | Reached skill level 5 in Poison Magic
 10813 | D:10     | Reached XP level 11. HP: 81/81 MP: 14/22
 11073 | Temple   | Became a worshipper of Gozag Ym Sagoz the Greedy
 11446 | D:10     | Identified a scroll of acquirement
 11446 | D:10     | Acquired 901 gold pieces
 11944 | D:11     | Noticed a two-headed ogre
 11961 | D:11     | Killed a two-headed ogre
 12010 | D:11     | Noticed a manticore
 12016 | D:11     | Killed a manticore
 12159 | D:11     | Found a staircase to the Orcish Mines.
 12219 | D:11     | Noticed a skeletal warrior
 12219 | D:11     | Noticed a cyclops
 12220 | D:11     | Noticed a skeletal warrior
 12221 | D:11     | Noticed a skeletal warrior
 12222 | D:11     | Noticed a skeletal warrior
 12391 | D:11     | Noticed a skeletal warrior
 12507 | D:11     | Noticed a two-headed ogre
 12521 | D:11     | Killed a two-headed ogre
 12716 | D:11     | Killed a cyclops
 12771 | D:11     | Noticed a cyclops
 12790 | D:11     | Killed a cyclops
 12958 | D:12     | Found a large runed translucent door.
 12998 | D:12     | Noticed a manticore
 13011 | D:12     | Killed a manticore
 13126 | D:12     | Found a large runed translucent door.
 13130 | D:12     | Noticed Kamelo's ghost (journeyman GrEE)
 13144 | D:12     | Noticed a cyclops
 13148 | D:12     | Killed a cyclops
 13166 | D:12     | Noticed a boulder beetle
 13178 | D:12     | Killed a boulder beetle
 13277 | D:12     | Noticed Nessos
 13280 | D:12     | Killed Nessos
 13288 | D:12     | Noticed Frances
 13300 | D:12     | Noticed a sun demon
 13303 | D:12     | HP: 4/84 [sun demon[Frances] (5)]
 13305 | D:12     | Killed Frances
 13306 | D:12     | Reached XP level 12. HP: 40/91 MP: 24/24
 13587 | D:12     | Noticed Nergalle
 13603 | D:12     | Killed Nergalle
 13858 | D:12     | Noticed a boulder beetle
 13873 | D:12     | Killed a boulder beetle
 14112 | D:12     | Found Doajiwett's Jewellery Shoppe.
 14114 | D:12     | Found Zilini Gaedo's Assorted Antiques.
 14114 | D:12     | Found Afueliot's Antique Weapon Shoppe.
 14120 | D:12     | Bought a scroll of blinking for 262 gold pieces
 14120 | D:12     | Bought a scroll labelled CAGRENW NIALACW for 35 gold pieces
 14659 | D:11     | Found a staircase to the Lair.
 14694 | Lair:1   | Entered Level 1 of the Lair of Beasts
 14920 | Lair:1   | Identified the +5 plate armour "Jint" {Int+3}
 15088 | Lair:1   | Learned a level 4 spell: Dispel Undead
 15122 | Lair:1   | Identified the +1 robe "Vegiuz" {rN+ Str+4 Int+3}
 15218 | Lair:1   | Found a shadowy altar of Dithmenos.
 15859 | D:6      | Bought a smouldering hat for 288 gold pieces
 15859 | D:6      | Identified the +2 hat of Imolucw {rC+ Str-5 Stlth+} (You
                  | bought it in a shop on level 6 of the Dungeon)
 16800 | D:11     | Found an iron altar of Okawaru.
 17167 | Lair:2   | Reached XP level 13. HP: 98/98 MP: 26/26
 17202 | Lair:2   | Found the +2 ratskin cloak {*Rats rPois rN+ Str-1 Int-1
                  | Dex+1}
 18689 | Lair:3   | Found a hole to the Spider Nest.
 18698 | Lair:3   | Reached skill level 10 in Spellcasting
 18936 | Lair:3   | Found a staircase to the Shoals.
 19536 | Lair:4   | Found a gate leading to a gauntlet.
 19598 | Gauntlet | Entered a Gauntlet
 19598 | Gauntlet | Found a transporter.
 19655 | Gauntlet | Found a transporter.
 19657 | Gauntlet | Found a transporter.
 19681 | Gauntlet | Found a transporter.
 19697 | Gauntlet | Found a transporter.
 19699 | Gauntlet | Found a transporter.
 19711 | Gauntlet | Found a transporter.
 19727 | Gauntlet | Found a transporter.
 19737 | Gauntlet | Found a transporter.
 19747 | Gauntlet | Found a transporter.
 19751 | Gauntlet | Found a transporter.
 19753 | Gauntlet | Found a transporter.
 19754 | Gauntlet | Found a transporter.
 19819 | Gauntlet | Learned a level 4 spell: Iskenderun's Mystic Blast
 19824 | Gauntlet | Learned a level 4 spell: Olgreb's Toxic Radiance
 19831 | Gauntlet | Identified the ring of Muwimid {Fly rPois Int-3 Stlth+}
 19947 | Gauntlet | Found a transporter.
 19958 | Gauntlet | Reached skill level 10 in Dodging
 20192 | Gauntlet | Identified the +7 shortbow of the Priest {freeze, rF+
                  | Str+3}
 20192 | Gauntlet | Noticed a minotaur
 20212 | Gauntlet | Slain by a minotaur

Illustrated notes

Levels and vault maps discovered:
D:1:      wander_arrival_desolate, layout_loops_ring, minmay_door_square
D:2:      layout_loops_ring, ebering_ecumenical_altar_rust
D:3:      layout_basic, doesnt_xom_only_xom, gammafunk_ghost_smash,
          uniq_terence, uniq_sigmund
D:4:      layout_rooms, fedhas_altar_3
D:5:      layout_loops_ring, patterned_corridor
D:6:      layout_loops_ring, minmay_temple_entry_overgrown, serial_shops, shop,
          shop, shop, nicolae_shop_crystal,
          lightli_ossuary_entry_decrepit_ruins, minmay_misc_feat_ornament,
          uniq_pikel, uniq_grinder
D:7:      layout_cave_pools, lemuel_doored_altar, serial_shops, shop,
          gammafunk_ghost_gnarly_gnolls, uniq_maggie, uniq_crazy_yiuf_cottage
D:8:      layout_cave_pools, dk_yredelemnul_ordeal, uniq_maurice
D:9:      layout_layer_cave, elyvilon_altar_5, serial_shops,
          nicolae_shop_rolling_square, hellmonk_ghost_happy_afterlife
D:10:     layout_roguey, mainiacjoe_overflow_brackets, serial_rivers,
          chequers_serial_rivers_micro_d, chequers_serial_rivers_small_b,
          chequers_serial_rivers_large_a, chequers_serial_rivers_micro_b,
          chequers_serial_rivers_micro_c, chequers_serial_rivers_room_a,
          minmay_misc_feat_hallway
D:11:     layout_roguey, lair_entry_dummy, erik_orc_3,
          kennysheep_okawaru_gauntlet
D:12:     layout_gridville, ebering_ghost_disaster_area, special_room
          [special_room_orc], minmay_crystal_room, nicolae_wooded_promenade,
          minmay_holes, uniq_nessos, uniq_nergalle, uniq_frances
D:13:     layout_loops_ring, nicolae_gozag_cash_rules_everything_around_me
Temple:   nicolae_temple_bog_church
Lair:1:   lemuel_slime, layout_gridlike, basic_altar
Lair:2:   layout_cellular_growth, chequers_serial_rivers_micro_d,
          grunt_forest_stairs_basic
Lair:3:   layout_hall_layers, minmay_shoals_entry_hut,
          nicolae_spider_entry_lesser_pyramids, wad_woods_road_05,
          grunt_megastairs_2, lemuel_fruit_tree, lemuel_fruit_fields
Lair:4:   hellmonk_ruined_rings, layout_gridlike, dpeg_slime_entry_corner,
          gauntlet_entry_generic, wad_woods_river_03, lemuel_fruit_fields,
          lemuel_fruit_fields, uniq_sonja
Gauntlet: minmay_gauntlet_77_tree [minmay_gauntlet_arena_77_p_blocks,
          minmay_gauntlet_arena_77_two_paths, minmay_gauntlet_arena_77_mess,
          minmay_gauntlet_arena_77_museum,
          minmay_gauntlet_arena_77_tiled_triplets,
          minmay_gauntlet_arena_77_block_sizes,
          minmay_gauntlet_arena_77_hold_the_fort, gauntlet_exit_hidden_loot]

Skill      XL: |  1  2  3  4  5  6  7  8  9 10 11 12 13 |
---------------+----------------------------------------+-----
Conjurations   | 2 3 4 5 6 7 |  7.7
Spellcasting   | 5 6 7 8 9 10 | 10.2
Invocations    | 1 2 3 4 5 6 7 8 9 |  9.7
Fighting       | 1 2 3 4 5 6 7 8 |  8.9
Short Blades   | 1 2 3 4 5 6 7 8 |  8.9
Long Blades    | 1 2 3 4 5 6 7 8 |  8.9
Axes           | 1 2 3 4 5 6 7 8 |  8.9
Maces & Flails | 1 2 3 4 5 6 7 8 |  8.9
Polearms       | 1 2 3 4 5 6 7 8 |  8.9
Staves         | 1 2 3 4 5 6 7 8 |  8.9
Ranged Weapons | 1 2 3 4 5 6 7 8 |  8.9
Throwing       | 1 2 3 4 5 6 7 8 |  8.9
Armour         | 1 2 3 4 5 6 7 8 |  8.9
Shields        | 1 2 3 4 5 6 7 8 |  8.9
Unarmed Combat | 1 2 3 4 5 6 7 8 |  8.9
Evocations     | 1 2 3 4 5 6 7 8 |  8.9
Hexes          | 1 2 3 4 5 6 7 |  7.4
Summonings     | 1 2 3 4 5 6 7 |  7.4
Necromancy     | 1 2 3 4 5 6 7 |  7.4
Translocations | 1 2 3 4 5 6 7 |  7.4
Transmutations | 1 2 3 4 5 6 7 |  7.4
Ice Magic      | 1 2 3 4 5 6 7 |  7.4
Air Magic      | 1 2 3 4 5 6 7 |  7.4
Earth Magic    | 1 2 3 4 5 6 7 |  7.4
Poison Magic   | 1 2 3 4 5 6 7 |  7.4
Dodging        | 5 6 7 8 9 10 | 10.0
Stealth        | 5 6 7 8 9 |  9.9
Fire Magic     | 6 7 8 9 |  9.3

Action                     |  1- 3 |  4- 6 |  7- 9 | 10-12 | 13-15 || total
---------------------------+-------+-------+-------+-------+-------++-------
  Melee: Unarmed           |     7 |       |       |       |       ||     7
         Dagger            |    12 |    25 |   119 |    95 |    89 ||   340
         Mace              |     1 |       |       |       |       ||     1
         Bite              |     2 |     3 |    15 |    17 |    17 ||    54
         Punch             |       |       |     2 |       |       ||     2
         War axe           |       |       |       |       |     4 ||     4
  Throw: Throwing net      |       |       |       |       |     1 ||     1
   Cast: Foxfire           |    22 |    43 |    90 |   151 |   117 ||   423
         Scorch            |    19 |    27 |   118 |   118 |    27 ||   309
         Poisonous Vapours |       |       |     5 |    25 |     7 ||    37
         Summon Lightning  |       |       |       |    39 |    25 ||    64
         Flame Wave        |       |       |       |     8 |     2 ||    10
         Swiftness         |       |       |       |     3 |     2 ||     5
         Dispel Undead     |       |       |       |    12 |       ||    12
         Olgreb's Toxic Ra |       |       |       |       |     1 ||     1
         Iskenderun's Myst |       |       |       |       |     1 ||     1
 Invoke: Potion Petition   |       |       |       |     1 |       ||     1
  Evoke: Wand              |       |     2 |       |     1 |       ||     3
         Phial of floods   |       |       |       |     1 |       ||     1
    Use: Scroll            |     7 |     2 |     7 |    13 |     4 ||    33
         Potion            |       |     1 |       |     5 |     9 ||    15
   Stab: Sleeping          |     1 |     2 |    12 |    13 |     2 ||    30
         Distracted        |     1 |       |       |     3 |       ||     4
         Paralysed         |       |     2 |       |       |       ||     2
 Armour: Robe              |     6 |     6 |    48 |    38 |    24 ||   122
  Dodge: Dodged            |    16 |    16 |    92 |    93 |    62 ||   279
  Block: Buckler           |       |       |    18 |    28 |    22 ||    68
